 Dungeon Crawl Stone Soup version 0.30-a0-930-gb9d0489357 (webtiles) character file.

Game seed: 2340733259121271191

235 avis the Trooper (level 5, -7/69 HPs)
             Began as a Demigod Transmuter on Mar 23, 2023.
             Mangled by Pikel
             ... wielding a +1 whip of electrocution
              (18 damage)
             ... on level 4 of the Dungeon.
             The game lasted 00:15:11 (2661 turns).

avis the Trooper (Demigod Transmuter)               Turns: 2661, Time: 00:15:12

Health: -7/69      AC: 22    Str: 11    XL:     5   Next: 47%
Magic:  6/10       EV:  2    Int: 15    God:
Gold:   109        SH:  0    Dex: 18    Spells: 2/8 levels left

rFire   . . .      SeeInvis .    a - +0 short sword (venom)
rCold   . . .      Faith    .    (no shield)
rNeg    . . .      Spirit   .    i - melded +0 robe
rPois   +          Reflect  .    t - melded +0 helmet
rElec   .          Rampage  .    q - melded +0 cloak
rCorr   .          NoTele   +    (gloves currently unavailable)
Will    +....                    r - melded +2 pair of boots
Stlth   ++                       w - amulet of the acrobat
HPRegen 0.31/turn                s - ring of willpower
MPRegen 0.12/turn                (no ring)

@: tree-form
A: stationary, stasis, torment immunity, boosted hp, high MP 1, forlorn, divine
attributes
a: no special abilities


You were on level 4 of the Dungeon.
You were a tree.
You visited 1 branch of the dungeon, and saw 4 of its levels.

You collected 109 gold pieces.

Inventory:

Hand Weapons
 a - a +0 short sword of venom (weapon)
 b - a +0 sling
 p - a +0 heavy halberd
 u - a +2 whip of electrocution
Missiles
 o - 4 poisoned darts
Armour
 i - a +0 robe (melded)
 q - a +0 cloak (melded)
 r - a +2 pair of boots (melded)
 t - a +0 helmet (melded)
Jewellery
 s - a ring of willpower (left branch)
 w - an amulet of the acrobat (around neck)
Wands
 x - a wand of mindburst (4)
Scrolls
 d - a scroll of amnesia {unknown}
 e - a scroll of fear {unknown}
 f - 7 scrolls of identify {unknown}
 h - a scroll of fog {unknown}
 j - 4 scrolls of teleportation {unknown}
 l - a scroll of enchant armour {unknown}
 n - a scroll of blinking {unknown}
 v - a scroll of torment {unknown}
Potions
 g - a potion of haste {unknown}
 k - a potion of degeneration {unknown}
 m - 2 potions of curing {unknown}


   Skills:
 - Level 4.0 Fighting
 - Level 2.0 Dodging
 * Level 3.9 Unarmed Combat
 - Level 2.0 Spellcasting
 - Level 2.0 Transmutations
 - Level 1.0 Poison Magic


You had 2 spell levels left.
You knew the following spells:

 Your Spells              Type           Power      Damage    Failure   Level
a - Beastly Appendage     Tmut           14%        N/A       10%         1
e - Wereblood             Tmut           7%         N/A       14%         2
p - Spider Form           Tmut/Pois      6%         N/A       34%         3

Your spell library contained the following spells:

 Spells                   Type           Power      Damage    Failure   Level
 Kiss of Death            Conj/Necr      4%         2d5       22%         1
 Slow                     Hex            4%         N/A       22%         1
 Poisonous Vapours        Pois/Air       6%         N/A       26%         2
 Cigotuvi's Dreadful Rot  Necr/Pois/Air  4%         N/A       30%         2
 Mephitic Cloud           Conj/Pois/Air  2%         N/A       52%         3
 Confusing Touch          Hex            1%         N/A       54%         3
 Portal Projectile        Hex/Tloc       2%         N/A       54%         3
 Vampiric Draining        Necr           1%         2d6       54%         3
 Ice Form                 Ice/Tmut       4%         N/A       82%         4
 Silence                  Hex/Air        0%         N/A       99%         5
 Simulacrum               Ice/Necr       0%         N/A       100%        6
 Enfeeble                 Hex            0%         N/A       100%        7
 Fire Storm               Conj/Fire      0%         6d1       100%        9


Dungeon Overview and Level Annotations

Branches:
Dungeon (4/15)
 Temple: D:4-7

Annotations:
D:4 Pikel


Innate Abilities, Weirdness & Mutations

You are a tree.
Your roots penetrate the ground, keeping you stationary.
You cannot be teleported.
You are immune to unholy pain and torment.
Your maximum health is greatly increased.
Your equipment is partially melded.
You have an increased reservoir of magic. (+10% MP)
You shall have no god before yourself.
Your divine heritage dramatically boosts your attributes as you level up.


Message History

* * * LOW HITPOINT WARNING * * *
You hit Pikel but do no damage.
Pikel looks as sick as possible!
Your transformation is almost over.
Pikel misses you.
You hit Pikel.
Pikel is lightly wounded.
Pikel barely misses you.
Really quaff the potion of lignification?
Your transformation has ended.
Your +0 short sword of venom unmelds from your body.
Your +0 cloak unmelds from your body.
Your +0 helmet unmelds from your body.
Your +2 pair of boots unmelds from your body.
Your +0 robe unmelds from your body.
Your +0 short sword of venom begins to drip with poison!
You turn into a tree.
Your +0 cloak melds into your body.
Your +0 helmet melds into your body.
Your +2 pair of boots melds into your body.
Your +0 robe melds into your body.
Your roots penetrate the ground.
Pikel hits you but does no damage.
You hit Pikel but do no damage.
Pikel looks as sick as possible!
Pikel is moderately wounded.
Pikel hits you but does no damage.
You hit Pikel but do no damage.
Pikel looks as sick as possible!
Pikel is moderately wounded.
Pikel says, "Hell isn't that bad."
Pikel hits you but does no damage.
You hit Pikel but do no damage.
Pikel is moderately wounded.
Pikel hits you with a +1 whip of electrocution.
* * * LOW HITPOINT WARNING * * *
You completely miss Pikel.
Pikel is heavily wounded.
Pikel hits you with a +1 whip of electrocution.
* * * LOW HITPOINT WARNING * * *
You hit Pikel but do no damage.
Pikel looks as sick as possible!
Pikel is heavily wounded.
Pikel hits you with a +1 whip of electrocution.
* * * LOW HITPOINT WARNING * * *
You are electrocuted!!
You die...

################
#...............
###.############.. #...#
####.....#.# #.#.#
#.....##.#.#
#.#.###.##...#<#.#
#.........#..##...
#########.####.....#...#
?..555K♣..# #....##.^#.
...######## #..........
#......... #......####
#...... .......


You could see Pikel (extremely poisoned) and 3 lemures.

Vanquished Creatures
  A lemure (D:4)
  A jelly (D:2)
  A hound (D:4)
  Ijyb (D:3)
  Terence (D:2)
  4 gnolls
  4 adders
  A worm (D:3)
  A dart slug (D:1)
  2 endoplasms
  2 giant cockroaches
  7 goblins
  7 hobgoblins
  4 kobolds
  5 ball pythons
  6 bats
  4 frilled lizards
  6 rats
58 creatures vanquished.

Notes
Turn   | Place    | Note
-------+----------+-------------------------------------------
     0 | D:1      | avis the Demigod Transmuter began the quest for the Orb.
     0 | D:1      | Reached XP level 1. HP: 15/15 MP: 5/5
    28 | D:1      | Reached skill level 1 in Fighting
   208 | D:1      | Noticed a golden eye
   209 | D:1      | Noticed a shining eye
   214 | D:1      | Noticed an eye of devastation
   214 | D:1      | Noticed a golden eye
   791 | D:2      | Reached XP level 2. HP: 18/23 MP: 5/7
   796 | D:2      | Reached skill level 2 in Fighting
   808 | D:2      | Reached XP level 3. HP: 24/30 MP: 6/8
  1033 | D:2      | Noticed Terence
  1042 | D:2      | Killed Terence
  1043 | D:2      | Reached skill level 3 in Fighting
  1047 | D:2      | Learned a level 3 spell: Spider Form
  1579 | D:2      | Reached skill level 1 in Poison Magic
  1579 | D:2      | Reached XP level 4. HP: 21/38 MP: 9/9
  1832 | D:3      | Got the Grimoire of the Vitriolic Evil Eye
  1863 | D:2      | Learned a level 2 spell: Wereblood
  1989 | D:3      | Reached skill level 4 in Fighting
  1989 | D:3      | Reached XP level 5. HP: 38/46 MP: 10/10
  2303 | D:3      | Noticed a spectral centipede
  2303 | D:3      | Noticed a spectral black mamba
  2303 | D:3      | Noticed a spectral cane toad
  2437 | D:4      | Noticed Ijyb
  2452 | D:3      | Killed Ijyb
  2576 | D:4      | Got Hohydao's Octavo of Shadowy Causimancy
  2638 | D:4      | Noticed Pikel
  2661 | D:4      | Mangled by Pikel

Illustrated notes

Levels and vault maps discovered:
D:1:      minmay_arrival_wavy_path, layout_loops_ring,
          hellmonk_ecumenical_altar_watching_god
D:2:      minmay_recursive_quarters, layout_loops_ring, uniq_terence
D:3:      layout_basic, pdpol_wu_jian_five_deadly_venoms
D:4:      layout_basic, kennysheep_generic_room_6, uniq_pikel, uniq_ijyb

Skill      XL: |  1  2  3  4 |
---------------+-------------+-----
Fighting       | 1 2 3 4 |  4.0
Unarmed Combat | 3 |  3.9
Dodging        | 2 |  2.0
Spellcasting   | 2 |  2.0
Transmutations | 2 |  2.0
Poison Magic   | 1 |  1.0

Action                     |  1- 3 |  4- 6 || total
---------------------------+-------+-------++-------
  Melee: Short sword       |    43 |    81 ||   124
         Kick              |     6 |     4 ||    10
         Headbutt          |     3 |     2 ||     5
         Punch             |     1 |     1 ||     2
         Unarmed           |       |    16 ||    16
   Fire: Sling             |    35 |    22 ||    57
   Cast: Beastly Appendage |     2 |     2 ||     4
         Spider Form       |       |     3 ||     3
    Use: Potion            |       |     1 ||     1
   Stab: Sleeping          |       |     1 ||     1
 Armour: Robe              |     5 |     6 ||    11
         Skin              |       |     4 ||     4
  Dodge: Dodged            |    35 |    59 ||    94

Table legend: (Time is in decaauts)
 A = Elapsed time spent in this place.
 B = Non-inter-level travel time spent in this place.
 C = Inter-level travel time spent in this place.
 D = Time resting spent in this place.
 E = Time spent auto-exploring this place.
 F = Levels seen in this place.
 G = Mean time per level.
                   A        B        C        D        E       F      G
               +--------+--------+--------+--------+--------+-----+--------+
         Total |   2668 |   2257 |    411 |    300 |   1304 |   4 |  667.0 |
       Dungeon |   2668 |   2257 |    411 |    300 |   1304 |   4 |  667.0 |
               +--------+--------+--------+--------+--------+-----+--------+

Top non-repeatable levels by time:
     D:2: 1041 daAuts
     D:1: 787 daAuts
     D:3: 700 daAuts
     D:4: 138 daAuts
